 Dungeon Crawl Stone Soup version 0.23.2-40-g277498a (webtiles) character file.

Game seed: 2101458457073749789

35 zhovat1 the Conjurer (level 3, -1/23 HPs)
             Began as an Octopode Conjurer on Aug 16, 2019.
             Killed from afar by an orc wizard (8 damage)
             ... with a magic dart
             ... on level 4 of the Dungeon.
             The game lasted 00:01:53 (1319 turns).

zhovat1 the Conjurer (Octopode Conjurer)            Turns: 1319, Time: 00:01:53

Health: -1/23      AC:  1    Str:  7    XL:     3   Next: 35%
Magic:  6/6        EV: 13    Int: 18    God:
Gold:   45         SH:  0    Dex: 12    Spells: 5/6 levels left

rFire    . . .     SeeInvis .   f - +1 dagger (flame)
rCold    . . .     Gourm    .   (no shield)
rNeg     . . .     Faith    .   (helmet restricted)
rPois    .         Spirit   .   (no amulet)
rElec    .         Reflect  .   (no ring)
rCorr    .         Harm     .   (no ring)
MR       .....                  (no ring)
Stlth    +++.......             (no ring)
HPRegen  0.07/turn              (no ring)
MPRegen  0.10/turn              (no ring)
                                (no ring)
                                (no ring)

@: lethally poisoned (-1 -> -3), very slightly contaminated
A: almost no armour, stealthy swim, amphibious, 8 rings, constrict 8, camouflage
1, gelatinous body 1
a: no special abilities


You were on level 4 of the Dungeon.
You were not hungry.

You visited 1 branch of the dungeon, and saw 3 of its levels.

You collected 45 gold pieces.

Inventory:

Hand Weapons
 f - a +1 dagger of flaming (weapon)
Scrolls
 d - a scroll of magic mapping
Potions
 a - a potion of heal wounds {unknown}
 g - a potion of curing {unknown}
 j - 2 potions of magic
Comestibles
 b - 2 rations


   Skills:
 + Level 1.0 Fighting
 + Level 2.3 Dodging
 + Level 3.3 Stealth
 + Level 2.3 Spellcasting
 + Level 4.2 Conjurations


You had 5 spell levels left.
You knew the following spells:

 Your Spells              Type           Power        Failure   Level  Hunger
a - Magic Dart            Conj           ###.         3%          1    #......

Your spell library contained the following spells:

 Spells                   Type           Power        Failure   Level  Hunger
 Searing Ray              Conj           ###...       4%          2    ##.....
 Animate Skeleton         Necr           N/A          17%         1    #......
 Apportation              Tloc           #.....       17%         1    #......
 Confusing Touch          Hex            #.....       17%         1    #......
 Summon Small Mammal      Summ           #...         17%         1    #......
 Dazzling Spray           Conj/Hex       #.....       22%         3    ###....
 Iskenderun's Mystic Bla  Conj           ###.....     30%         4    #####..
 Force Lance              Conj/Tloc      #.......     58%         4    #####..
 Fulminant Prism          Conj/Hex       #.........   58%         4    #####..


Dungeon Overview and Level Annotations

Branches:
Dungeon (2/15)

Altars:
Cheibriados

Shops:
D:4 !


Innate Abilities, Weirdness & Mutations

You cannot wear most types of armour.
You are very stealthy in the water. (Stealth+)
You are amphibious.
You can wear up to eight rings at the same time.
You can use your tentacles to constrict eight enemies at once.
Your skin changes colour to match your surroundings (Stealth+).
Your rubbery body absorbs attacks. (AC +1, EV +1)


Message History

The leopard gecko closely misses you.
As you read the scroll labeled OFRAR CYMO, it crumbles to dust.
You feel blessed for a moment.
It was a scroll of remove curse.
The leopard gecko closely misses you.
Blink to where?
Press: ? - help, Dir - move target cursor You are very lightly contaminated with residual magic.
As you read the scroll labeled CULIHIZOPS, it crumbles to dust.
It was a scroll of blinking.
You feel sick.
The orc wizard mumbles some strange words.
The orc wizard seems to speed up.
Found 4 gold pieces.
Found Piul's Distillery.
An ogre comes into view. It is wielding a +0 giant club.
You feel sick.
The orc wizard gestures at you while chanting.
You resist with significant effort. The orc wizard casts a spell at you.
The magic dart hits you!
You die...

#.....#........#,*
#.....#........+,* ***
#.....#.o......#,* *,,
#.....#...?....#,* ***** *,,
####'##........#,###*,,,*******,,
...#.##........#*..,+,,,,,,,,,*,,
...........l.###*.#**,,,*****,***
...#.#####...####.###...,,,,,,,,,
....>...........@...$...,,,,,,,,,
...#...#.#..............,,,,*,,,,
...'!............l......,,,,,,,,,
####...##......o........,*,,,,*,,
* #...#................,,,,*,**,
* ###..................,,,,,,,,,
* #......Z.....O......,,,**,,,, *
#.......).....∩.....,,,,,,,,,
#..................,,,,,,,,,,


You could see an ogre, an orc wizard, a worker ant zombie (wandering) and a
frilled lizard (wandering).

Vanquished Creatures
  A gnoll (D:1)
  An adder (D:4)
  An ooze (D:2)
  2 bats
  A giant cockroach (D:1)
  2 jackals (D:1)
  A kobold (D:1)
  A quokka (D:2)
  2 frilled lizards
  2 rats
14 creatures vanquished.

Notes
Turn   | Place    | Note
-------+----------+-------------------------------------------
     0 | D:1      | zhovat1 the Octopode Conjurer began the quest for the Orb.
     0 | D:1      | Reached XP level 1. HP: 11/11 MP: 3/3
   522 | D:1      | Reached XP level 2. HP: 18/18 MP: 0/5
  1040 | D:2      | Reached XP level 3. HP: 20/22 MP: 6/6
  1095 | D:2      | Found a snail-covered altar of Cheibriados.
  1151 | D:2      | You fall through a shaft for 2 floors!
  1158 | D:4      | Reached skill level 1 in Fighting
  1316 | D:4      | Found Piul's Distillery.
  1317 | D:4      | Noticed an ogre
  1319 | D:4      | Killed from afar by an orc wizard

Skill      XL: |  1  2  3 |
---------------+----------+-----
Stealth        | 3 |  3.3
Fighting       | 1 |  1.0
Dodging        | |  2.3
Spellcasting   | |  2.3
Conjurations   | |  4.2

Action                   || total
-------------------------++-------
Melee: Unarmed           ||    11
       Constrict         ||     5
       Dagger            ||    16
       Tentacles         ||     1
 Cast: Magic Dart        ||    12
  Use: Scroll            ||     5
 Stab: Sleeping          ||     6
  Eat: Chunk             ||     1
Armor: Skin              ||     2
Dodge: Dodged            ||    39
